 Dungeon Crawl Stone Soup version 0.29-a0-275-g389c0b56f3 (webtiles) character file.

Game seed: 14029595691624530520

102 sanka the Ducker (level 4, 0/41 HPs)
             Began as a Gnoll Monk on Mar 11, 2022.
             Slain by a gnoll
             ... wielding a +0 halberd
              (7 damage)
             ... on level 3 of the Dungeon.
             The game lasted 00:02:17 (1653 turns).

sanka the Ducker (Gnoll Monk)                       Turns: 1653, Time: 00:02:18

Health: 0/41       AC:  2    Str: 12    XL:     4   Next: 77%
Magic:  5/5        EV: 15    Int:  9    God:
Gold:   72         SH:  0    Dex: 15    Spells: 5/5 levels left

rFire   . . .      SeeInvis .   l - +2 hand axe (freeze)
rCold   . . .      Faith    .   (no shield)
rNeg    . . .      Spirit   .   b - +0 robe
rPois   .          Reflect  .   (no helmet)
rElec   .          Harm     .   (no cloak)
rCorr   .          Rampage  .   (no gloves)
Will    .....                   (no boots)
Stlth   +++.......              (no amulet)
HPRegen 0.13/turn               (no ring)
MPRegen 0.09/turn               (no ring)

@: no status effects
A: fangs 1, strong nose, distributed training
a: no special abilities


You were on level 3 of the Dungeon.
You visited 1 branch of the dungeon, and saw 3 of its levels.

You collected 72 gold pieces.


Innate Abilities, Weirdness & Mutations

You have very sharp teeth.
Your uncanny sense of smell can sniff out nearby items.
Your experience applies equally to all skills.


   Skills:
 + Level 6.6 Fighting
 + Level 1.2 Short Blades
 + Level 1.2 Long Blades
 + Level 6.6 Axes
 + Level 1.2 Maces & Flails
 + Level 1.2 Polearms
 + Level 1.2 Staves
 + Level 1.2 Slings
 + Level 1.2 Bows
 + Level 1.2 Crossbows
 + Level 1.2 Throwing
 + Level 1.2 Armour
 + Level 6.6 Dodging
 + Level 4.3 Stealth
 + Level 1.2 Shields
 + Level 1.2 Unarmed Combat
 + Level 1.2 Spellcasting
 + Level 1.0 Conjurations
 + Level 1.0 Hexes
 + Level 1.0 Summonings
 + Level 1.0 Necromancy
 + Level 1.0 Translocations
 + Level 1.0 Transmutations
 + Level 1.0 Fire Magic
 + Level 1.0 Ice Magic
 + Level 1.0 Air Magic
 + Level 1.0 Earth Magic
 + Level 1.0 Poison Magic
 + Level 1.3 Invocations
 + Level 1.2 Evocations


You had 5 spell levels left.
You didn't know any spells.
Your spell library contained the following spells:

 Spells                   Type           Power      Damage    Failure   Level
 Confusing Touch          Hex            2%         N/A       56%         3
 Yara's Violent Unravell  Hex/Tmut       1%         3d3       100%        5
 Enfeeble                 Hex            1%         N/A       100%        7

Inventory:

Hand Weapons
 l - a +2 hand axe of freezing (weapon)
Armour
 b - a +0 robe (worn)
Scrolls
 d - 5 scrolls of teleportation {unknown}
 e - a scroll of summoning {unknown}
 g - a scroll of vulnerability {unknown}
 i - a scroll of acquirement {unknown}
 j - a scroll of immolation {unknown}
 m - a scroll of enchant weapon {unknown}
 n - a scroll of identify {unknown}
Potions
 a - 2 potions of attraction {unknown}
 c - 2 potions of ambrosia
 f - a potion of heal wounds {unknown}
 h - a potion of flight {unknown}
 k - a potion of degeneration {unknown}

Dungeon Overview and Level Annotations

Branches:
Dungeon (3/15)

Altars:

Shops:
D:2 (

Annotations:
D:3 Grinder

▒.. ....▒▒▒▒▒▒▒
▒!..▒......
.▒▒+▒▒........▒
....▒........▒
▒............▒.
.▒▒▒▒▒▒▒▒▒.....g▒)?5....
........▒....▒.g)g£....
...▒▒.▒....▒?▒...#...
▒▒▒▒▒.▒▒.▒....▒.▒......▒
................▒....▒▒▒
.▒▒▒▒<▒▒.▒▒▒▒.▒▒▒.▒▒▒▒
▒.▒▒.▒ ▒+▒ .▒ ▒.▒▒.▒ ..
...... ∆.. ..▒▒..


You could see Grinder and 2 gnolls.


Message History

You hit the gnoll. You freeze the gnoll. The gnoll hits you with a +0 flail!
* * * LOW HITPOINT WARNING * * *
The gnoll misses you. The gnoll misses you.
You barely miss the gnoll.
The gnoll is heavily wounded.
You hit the gnoll. You freeze the gnoll.
Grinder blinks!
The gnoll hits you but does no damage. The gnoll hits you with a +0 whip!
* * * LOW HITPOINT WARNING * * *
The gnoll closely misses you.
You hit the gnoll but do no damage.
The gnoll is heavily wounded.
You hit the gnoll. You freeze the gnoll. The gnoll barely misses you.
The gnoll closely misses you. The gnoll closely misses you.
Unknown command.
You hit the gnoll. You freeze the gnoll.
You kill the gnoll!
You hit the gnoll. You freeze the gnoll.
The gnoll hits you from afar with a +0 halberd!
You die...

Action                   |  1- 3 |  4- 6 || total
-------------------------+-------+-------++-------
Melee: Hand axe          |   137 |    44 ||   181
       Bite              |    10 |     1 ||    11
       Punch             |     1 |     1 ||     2
 Stab: Sleeping          |     7 |     3 ||    10
Armor: Robe              |    17 |     7 ||    24
Dodge: Dodged            |   117 |    37 ||   154

Levels and vault maps discovered:
D:1:      roderic_chinese_lattice_arrival, layout_rooms
D:2:      layout_rooms, serial_shops, shop,
          hellmonk_ecumenical_altar_dog_temple, kennysheep_nub,
          dk_noncrumbling_4, kennysheep_generic_room_16
D:3:      layout_basic, kennysheep_cluttered_room, uniq_grinder

Notes
Turn   | Place    | Note
-------+----------+-------------------------------------------
     0 | D:1      | sanka the Gnoll Monk began the quest for the Orb.
     0 | D:1      | Reached XP level 1. HP: 23/23 MP: 1/1
    39 | D:1      | Reached XP level 2. HP: 17/29 MP: 2/2
   381 | D:1      | Reached XP level 3. HP: 35/35 MP: 3/3
   845 | D:2      | Reached skill level 1 in Invocations
  1036 | D:2      | Reached skill level 1 in Short Blades
  1036 | D:2      | Reached skill level 1 in Long Blades
  1036 | D:2      | Reached skill level 1 in Maces & Flails
  1036 | D:2      | Reached skill level 1 in Polearms
  1036 | D:2      | Reached skill level 1 in Staves
  1036 | D:2      | Reached skill level 1 in Slings
  1036 | D:2      | Reached skill level 1 in Bows
  1036 | D:2      | Reached skill level 1 in Crossbows
  1036 | D:2      | Reached skill level 1 in Throwing
  1036 | D:2      | Reached skill level 1 in Armour
  1036 | D:2      | Reached skill level 1 in Shields
  1036 | D:2      | Reached skill level 1 in Unarmed Combat
  1036 | D:2      | Reached skill level 1 in Spellcasting
  1036 | D:2      | Reached skill level 1 in Evocations
  1049 | D:2      | Reached XP level 4. HP: 29/41 MP: 5/5
  1185 | D:2      | Found Zuphi's Weapon Shop.
  1290 | D:2      | Found a faded altar of an unknown god.
  1401 | D:2      | Reached skill level 1 in Conjurations
  1401 | D:2      | Reached skill level 1 in Hexes
  1401 | D:2      | Reached skill level 1 in Summonings
  1401 | D:2      | Reached skill level 1 in Necromancy
  1401 | D:2      | Reached skill level 1 in Translocations
  1401 | D:2      | Reached skill level 1 in Transmutations
  1401 | D:2      | Reached skill level 1 in Fire Magic
  1401 | D:2      | Reached skill level 1 in Ice Magic
  1401 | D:2      | Reached skill level 1 in Air Magic
  1401 | D:2      | Reached skill level 1 in Earth Magic
  1401 | D:2      | Reached skill level 1 in Poison Magic
  1645 | D:3      | Noticed Grinder
  1653 | D:3      | Slain by a gnoll

Vanquished Creatures
  2 gnolls (D:3)
  2 adders (D:2)
  4 dart slugs
  2 ball pythons (D:2)
  An endoplasm (D:2)
  5 giant cockroaches
  8 goblins
  6 hobgoblins
  11 jackals
  6 kobolds
  5 bats
  3 frilled lizards
  7 rats
62 creatures vanquished.
